Map: World of Sleepers LE

Players

Spazymazy

  • Race: Zerg Zerg
  • League: Grandmaster
  • Spawn Location: 7:00

KinG - Winner!

  • Race: Zerg Zerg
  • Spawn Location: 1:00

Event: NationWars 2019

VOD

Have the link to the VOD?

Description

Time

  • Played on: Sept. 30, 2019, 2:58 p.m.
  • Length: 4:15
Show
View Real Time Build Order
Export as new Build Order

Spazymazy Zerg 

Build Orders: Hatch First 

Get SALT Encoding   

  12  0:01  Drone  
  13  0:12  Overlord  
  13  0:17  Drone  
  14  0:30  Drone  
  14  0:31  Drone  
  16  0:50  Hatchery  
  16  0:51  Drone  
  16  0:55  Drone  
  17  0:58  Drone  
  18  1:09  Extractor  
  17  1:13  Spawning Pool  
  17  1:16  Drone  
  17  1:20  Drone  
  18  1:28  Drone  
  19  1:38  Overlord  
  20  2:00  Zergling x2, Queen  
  23  2:01  Spine Crawler  
  23  2:03  Zergling x2  
  24  2:10  Hatchery  
  24  2:11  Zergling x2  
  23  2:27  Zergling x2  
  11  3:25  Zergling x2  
  12  3:36  Zergling x2  
Show
View Real Time Build Order
Export as new Build Order

KinG Zerg - Winner!

Build Orders: Pool Only 

Get SALT Encoding   

  12  0:18  Spawning Pool  
  11  0:21  Drone  
  11  0:25  Drone  
  13  0:30  Drone  
  14  0:39  Overlord  
  14  1:04  Zergling x4  
  14  1:05  Zergling x2  
  17  1:15  Zergling x2  
  18  1:26  Zergling x2  
  19  1:37  Zergling x2  
  20  1:48  Zergling x2  
  21  2:00  Spine Crawler  
  20  2:02  Spine Crawler  
  19  2:09  Zergling x2  
  20  2:20  Zergling x2  
  14  2:41  Zergling x2  
  15  3:16  Zergling x2  
  16  3:25  Zergling x2  
  16  3:50  Zergling x2  
Tags
 
Add a new tag
Caveats
  • Supply blocks, unpowered buildings, or Contaminate may cause inaccurate times.
  • Supply counts are checked every 10 seconds.